 Dungeon Crawl Stone Soup version 0.31.0-11-ge490571c62 (webtiles) character file.

Game seed: 15720455038485617109

79 qw the Shooter (level 4, 0/25 HPs)
             Began as a Deep Elf Hunter on Feb 3, 2024.
             Slain by Pargi (1 damage)
             ... on level 3 of the Dungeon.
             The game lasted 00:00:07 (2174 turns).

qw the Shooter (Deep Elf Hunter)                    Turns: 2174, Time: 00:00:08

Health: 0/25       AC:  5    Str: 10    XL:     4   Next: 17%
Magic:  6/6        EV: 11    Int: 14    God:
Gold:   81         SH:  0    Dex: 18    Spells: 3/3 levels left

rFire   . . .        a - +0 shortbow
rCold   . . .        (shield currently unavailable)
rNeg    . . .        g - +0 ring mail
rPois   .            (no helmet)
rElec   .            (no cloak)
rCorr   .            (no gloves)
SInv    .            (no boots)
Will    .....        (no amulet)
Stlth   +            (no ring)
HPRegen 0.24/turn    (no ring)
MPRegen 0.10/turn

%: no passive effects
@: about to teleport
A: no striking features
a: no special abilities


You were on level 3 of the Dungeon.
You visited 1 branch of the dungeon, and saw 3 of its levels.

You collected 81 gold pieces.


   Skills:
 - Level 1.5 Fighting
 + Level 7.6 Ranged Weapons
 - Level 2.4 Dodging
 - Level 1.2 Stealth


You had 3 spell levels left.
You didn't know any spells.
Your spell library was empty.

Inventory:

Hand Weapons
 a - a +0 shortbow (weapon)
Armour
 g - a +0 ring mail (worn)
 i - a +2 pair of gloves
Scrolls
 b - a scroll of silence {unknown}
 c - a scroll of identify
 h - a scroll of teleportation
Potions
 d - a potion of heal wounds
 e - a potion of curing
 f - a potion of cancellation {unknown}
 j - 2 potions of brilliance {unknown}

Dungeon Overview and Level Annotations

Branches:
Dungeon (3/15)

Altars:
Gozag
Kikubaaqudgha
Ru
Uskayaw
Wu Jian

Shops:
D:1 *   D:2 [

Annotations:
D:3 Pargi


Message History

Pargi bites you but does no damage. Pargi claws you. Pargi misses you.
You shoot an arrow. The arrow hits Pargi.
Pargi is heavily wounded.
Pargi bites you but does no damage. Pargi claws you.
Pargi claws you but does no damage.
You shoot an arrow. The arrow misses Pargi.
Pargi bites you. Pargi closely misses you. Pargi misses you.
A goblin comes into view. It is wielding a +0 club.
Pargi completely misses you. Pargi claws you but does no damage.
Pargi barely misses you.
The goblin moves out of view.
You shoot an arrow. The arrow hits Pargi.
Pargi is heavily wounded.
Pargi bites you but does no damage. Pargi claws you but does no damage. x2
You shoot an arrow. The arrow barely misses Pargi.
Pargi bites you but does no damage. Pargi claws you. Pargi barely misses you.
You shoot an arrow. The arrow closely misses Pargi.
Pargi snarls, "Go!
Away!"
Pargi closely misses you. Pargi claws you but does no damage.
Pargi barely misses you.
You shoot an arrow. The arrow hits Pargi.
Pargi is heavily wounded.
Pargi bites you. Pargi misses you. Pargi claws you but does no damage.
You shoot an arrow. The arrow hits Pargi!
Pargi is severely wounded.
An endoplasm comes into view.
Pargi closely misses you. x3
You shoot an arrow. The arrow closely misses Pargi.
Pargi bites you. Pargi closely misses you. x2
You shoot an arrow. The arrow hits Pargi!
Pargi is severely wounded.
Pargi bites you. Pargi misses you. Pargi claws you. Pargi barely misses you.
Pargi claws you but does no damage. Pargi claws you.
The endoplasm hits you but does no damage.
2174 ||| READING 2 scrolls of teleportation.
As you read the scroll of teleportation, it crumbles to dust.
You feel strangely unstable. The endoplasm freezes you.
You are frozen.
Pargi bites you. Pargi claws you but does no damage. Pargi claws you.
You die...

#.#.# ###.#
#..........# #.#.#
#...###.####....##
#...#
#.##............#
#....
#.##.##.#####...#
#.#.#...#.#####...#
#...........<.....#
###.#...#....###..#
#.##.####..###..
#.##.##.@..!....
#(##)..JT......#####
...####.#..#####...##
.#. ..#..# ##.....##
. . ####.?#
#.......#### ..#
#..._......# ..#
#.......##.# ...
##.....##...
##...######


You could see Pargi and an endoplasm.

Vanquished Creatures
  3 dart slugs
  A ribbon worm (D:2)
  6 ball pythons
  7 bats
  6 endoplasms
  2 giant cockroaches (D:1)
  8 hobgoblins
  7 jackals (D:1)
  2 quokkas (D:1)
  4 frilled lizards
  8 goblins
  5 kobolds
  4 rats
63 creatures vanquished.

Notes
Turn   | Place    | Note
-------+----------+-------------------------------------------
     0 | D:1      | qw the Deep Elf Hunter began the quest for the Orb.
     0 | D:1      | Reached XP level 1. HP: 12/12 MP: 3/3
     0 | D:1      | 0 ||| qw: Version: 0.3-a-157-g843a77d
     0 | D:1      | 0 ||| qw: Game counter: 3949
     0 | D:1      | 0 ||| qw: Melee chars always use a shield: true
     0 | D:1      | 0 ||| qw: God list: Okawaru
     0 | D:1      | 0 ||| qw: Allow faded altars: false
     0 | D:1      | 0 ||| qw: Do Orc after clearing Dungeon:15 true
     0 | D:1      | 0 ||| qw: Do second Lair branch before Depths: true
     0 | D:1      | 0 ||| qw: Lair rune preference: random
     0 | D:1      | 0 ||| qw: Goals: Normal
     0 | D:1      | 0 ||| PLANNING D:1-11
   204 | D:1      | Reached skill level 6 in Ranged Weapons
   204 | D:1      | Reached XP level 2. HP: 16/16 MP: 4/4
   227 | D:1      | Found Xuna's General Store.
   251 | D:1      | 251 ||| SHOPLISTING +0 cloak (49 gold, have 0).
   251 | D:1      | 251 ||| SHOPLISTING +0 ice dragon scales (660 gold, have
                  | 0).
   251 | D:1      | 251 ||| SHOPLISTING scroll of identify (22 gold, have 0).
   346 | D:1      | Reached XP level 3. HP: 20/20 MP: 5/5
   494 | D:1      | Found a faded altar of an unknown god.
   614 | D:1      | Reached skill level 7 in Ranged Weapons
   845 | D:1      | 845 ||| UPGRADING to +0 scale mail.
   855 | D:1      | 855 ||| DROPPING +0 leather armour.
   856 | D:1      | 856 ||| UPGRADING to +0 ring mail.
   866 | D:1      | 866 ||| DROPPING +0 scale mail.
   867 | D:1      | 867 ||| READING scroll labelled XUSEIG ESKINT.
   870 | D:1      | 870 ||| DROPPING scroll of butterflies.
   923 | D:2      | 923 ||| FLEEEEING.
   928 | D:2      | 928 ||| FLEEEEING.
   929 | D:2      | 929 ||| FLEEEEING.
   930 | D:2      | 930 ||| FLEEEEING.
   931 | D:2      | 931 ||| FLEEEEING.
   932 | D:2      | 932 ||| FLEEEEING.
  1213 | D:2      | Found Xeath's Armour Shop.
  1224 | D:2      | 1224 ||| SHOPLISTING +0 pair of gloves (58 gold, have 28).
  1224 | D:2      | 1224 ||| SHOPLISTING +2 leather armour of willpower (247
                  | gold, have 28).
  1725 | D:2      | 1725 ||| READING 2 scrolls labelled WISSAY ZECO.
  1725 | D:2      | 1725 ||| IDENTIFYING fizzy ruby potion
  1726 | D:2      | 1726 ||| READING scroll of identify.
  1726 | D:2      | 1726 ||| IDENTIFYING clear potion
  1727 | D:2      | 1727 ||| DRINKING 2 bubbling ruby potions.
  1728 | D:2      | 1728 ||| DROPPING potion of invisibility.
  1804 | D:3      | Reached XP level 4. HP: 23/25 MP: 6/6
  1930 | D:3      | Found a sacrificial altar of Ru.
  2008 | D:3      | Found an ornate altar of the Wu Jian Council.
  2008 | D:3      | Found an opulent altar of Gozag.
  2015 | D:3      | Found a hide-covered altar of Uskayaw.
  2017 | D:3      | Found an ancient bone altar of Kikubaaqudgha.
  2019 | D:3      | Found a faded altar of an unknown god.
  2159 | D:3      | Noticed Pargi
  2173 | D:3      | HP: 6/25 [Pargi (4)]
  2174 | D:3      | 2174 ||| READING 2 scrolls of teleportation.
  2174 | D:3      | HP: 2/25 [frozen (1)]
  2174 | D:3      | Slain by Pargi

Levels and vault maps discovered:
D:1:      dpeg_cavernosity, layout_basic, serial_shops, shop,
          hellmonk_ecumenical_altar_crossroads
D:2:      layout_basic, serial_shops, nicolae_shop_just_a_little_nook
D:3:      layout_loops_ring, chequers_temple_overflow_minitemple,
          fedhas_ov_isle_minmay, lemuel_round_altar, grunt_decor_fettered,
          uniq_pargi

Skill      XL: |  1  2  3 |
---------------+----------+-----
Ranged Weapons | 6 7 |  7.6
Fighting       | |  1.5
Dodging        | |  2.4
Stealth        | |  1.2

Action                     |  1- 3 |  4- 6 || total
---------------------------+-------+-------++-------
   Fire: Shortbow          |   145 |    36 ||   181
    Use: Scroll            |     3 |     1 ||     4
         Potion            |     1 |       ||     1
 Armour: Leather armour    |    10 |       ||    10
         Ring mail         |    10 |    30 ||    40
  Dodge: Dodged            |    16 |    21 ||    37

Table legend:
 A = Non-vault XP
 B = Vault XP
 C = Vault XP percentage of total XP
 D = Non-vault monster count
 E = Vault monster count
 F = Vault count percentage of total count
                 A         B        C        D         E       F
            +---------+---------+-------+---------+---------+-------
      Total |     106 |       8 |   7.0 |      59 |       4 |   6.3
            +---------+---------+-------+---------+---------+-------
        D:1 |      57 |       8 |  12.3 |      31 |       4 |  11.4
        D:2 |      28 |       0 |   0.0 |      14 |       0 |   0.0
        D:3 |      21 |       0 |   0.0 |      14 |       0 |   0.0
            +---------+---------+-------+---------+---------+-------
